 Dungeon Crawl Stone Soup version 0.28.0 (webtiles) character file.

Game seed: 9836502983911116840

777 mkm the Fighter (level 7, -2/69 HPs)
             Began as a Minotaur Berserker on Feb 9, 2022.
             Was a Priest of Trog.
             Killed by divine providence
             ... invoked by an orc priest
              (13 damage)
             ... on level 3 of the Dungeon.
             The game lasted 00:11:52 (6052 turns).

mkm the Fighter (Minotaur Berserker)                Turns: 6052, Time: 00:11:52

Health: -2/69      AC:  3    Str: 21    XL:     7   Next: 54%
Magic:  6/6        EV: 13    Int:  4    God:    Trog [***...]
Gold:   132        SH:  0    Dex: 12    Spells: 6/6 levels left

rFire   . . .      SeeInvis .   a - +0 mace
rCold   . . .      Faith    .   (no shield)
rNeg    . . .      Spirit   .   m - +0 leather armour
rPois   .          Reflect  .   (helmet restricted)
rElec   .          Harm     .   (no cloak)
rCorr   .          Rampage  .   (no gloves)
Will    .....                   (no boots)
Stlth   +.........              (no amulet)
HPRegen 0.21/turn               (no ring)
MPRegen 0.10/turn               (no ring)

@: very slow
A: horns 2, retaliatory headbutt
a: Renounce Religion, Berserk, Trog's Hand


You were on level 3 of the Dungeon.
You worshipped Trog.
Trog was most pleased with you.
You visited 1 branch of the dungeon, and saw 5 of its levels.
You also visited: Ossuary.

You collected 132 gold pieces.

Inventory:

Hand Weapons
 a - a +0 mace (weapon)
Armour
 m - a +0 leather armour (worn)
Jewellery
 l - a ring of positive energy
 o - a +6 ring of intelligence
Wands
 e - a wand of polymorph (3)
 h - a wand of iceblast (10)
Scrolls
 b - a scroll of noise {unknown}
 i - a scroll of teleportation {unknown}
 n - a scroll of fog {unknown}
 p - a scroll of brand weapon {unknown}
 r - a scroll of magic mapping {unknown}
 u - a scroll of amnesia {unknown}
 w - a scroll of holy word {unknown}
Potions
 c - a potion of heal wounds
 d - a potion of flight
 f - a potion of invisibility
 g - a potion of attraction
 j - 2 potions of curing
 s - a potion of mutation {unknown}
 t - a potion of magic {unknown}
 v - a potion of ambrosia


   Skills:
 + Level 8.4 Fighting
 - Level 3.6 Maces & Flails
 + Level 3.7 Armour
 + Level 5.9 Dodging


You had 6 spell levels left.
You didn't know any spells.
Your spell library was empty.

Dungeon Overview and Level Annotations

Branches:
Dungeon (5/15)             Temple (0/1) D:4         Ossuary (visited)

Altars:

Annotations:
D:3 1 transporter


Innate Abilities, Weirdness & Mutations

You have a pair of horns on your head.
You reflexively headbutt those who attack you in melee.


Message History

You climb upwards.
Level annotation: 2 transporters
There is a stone staircase leading down here.
The shadow imp grinds its teeth.
There is a transporter landing site here.
You can't go down here!
You can't go up here!
The orc priest shouts!
The shadow imp shouts!
The shadow imp shouts, "Leave, thou feeble motley-minded swadder!"
There is a transporter here.
You enter the transporter and appear at another place.
h - a wand of iceblast (10) (gained 6 charges)
The shadow imp grins evilly.
You open the door.
The shadow imp laughs crazily.
There is an open door here.
The orc priest invokes the aid of Beogh against you.
Beogh smites you! The shadow imp gestures at you.
Pain shoots through your body!
You sock the plant!
The plant begins to die.
The plant is lightly damaged.
You sock the plant!
The plant is lightly damaged.
The orc priest looks satisfied for a moment.
The shadow imp gestures at you. Pain shoots through your body!
A nearby plant withers and dies.
The orc priest calls down the wrath of Beogh upon you.
Pain shoots through your body!
* * * LOW HITPOINT WARNING * * *
You enter the shallow water.
Moving in this stuff is going to be slow.
The shadow imp gestures at you. Pain shoots through your body!
* * * LOW HITPOINT WARNING * * *
The orc priest mumbles some strange prayers to Beogh against you.
Beogh smites you!
You die...

###.###.# #.# ### #.#
........# #.###.## #.#
######.## #.##...####.####
#.#######..............##
#.......................#
#.#.###############.##..#
#.#.#8P#.o5....#≈8#.##..####
#.#.#P.#≈≈≈≈≈≈≈#.P#........#
#...#..#..≈@≈..#.$#..#..##.#
#..©#©.'..≈♣≈..+!©#©....##.#
##..#..#..P≈≈..#.$#..##.##.#
##.#P.#≈≈≈≈≈≈≈#.P#.###>##.#
#.#8P#.5o[...#≈8#.# #.##.#
#.###############.# #.##.#
#.................# #..#.#
#######..########.# ##.#.#
#..# #.# #.#..


You could see 2 orc priests and 2 shadow imps.

Vanquished Creatures
  Sigmund (D:3)
  A black bear (D:4)
  A necrophage (D:5)
  2 orc priests (D:4)
  A hound (D:4)
  Jessica (D:3)
  An iguana (D:4)
  2 orc wizards (D:4)
  4 mummies (Ossuary)
  3 adders
  A river rat (D:4)
  5 worms
  4 dart slugs
  7 orcs
  5 bats
  13 endoplasms
  3 giant cockroaches
  3 gnoll zombies (Ossuary)
  5 hobgoblins
  12 kobolds
  5 quokkas
  7 ball pythons
  A frilled lizard (D:1)
  3 gnoll skeletons (Ossuary)
  7 goblins
  3 goblin skeletons (Ossuary)
  8 goblin zombies (Ossuary)
  4 hobgoblin skeletons (Ossuary)
  3 hobgoblin zombies (Ossuary)
  3 kobold skeletons (Ossuary)
  7 kobold zombies (Ossuary)
  7 orc skeletons (Ossuary)
  2 orc zombies (Ossuary)
  9 rats
  5 rat skeletons (Ossuary)
  2 rat zombies (Ossuary)
151 creatures vanquished.

Vanquished Creatures (others)
  A plant (D:3)
1 creature vanquished.

Grand Total: 152 creatures vanquished

Notes
Turn   | Place    | Note
-------+----------+-------------------------------------------
     0 | D:1      | mkm the Minotaur Berserker began the quest for the Orb.
     0 | D:1      | Reached XP level 1. HP: 19/19 MP: 0/0
    86 | D:1      | Found a faded altar of an unknown god.
   127 | D:1      | Reached skill level 4 in Fighting
   312 | D:1      | Reached XP level 2. HP: 27/27 MP: 1/1
  1162 | D:2      | Reached XP level 3. HP: 15/34 MP: 2/2
  1593 | D:2      | Reached skill level 5 in Fighting
  2450 | D:3      | Reached XP level 4. HP: 42/42 MP: 3/3
  2486 | D:3      | Reached ** piety under Trog
  2564 | D:3      | Found a transporter.
  2572 | D:3      | Noticed Sigmund
  2990 | D:4      | Reached XP level 5. HP: 29/50 MP: 4/4
  3021 | D:4      | Reached skill level 6 in Fighting
  3689 | D:4      | Noticed a black bear
  3700 | D:4      | Killed a black bear
  3701 | D:4      | Reached skill level 7 in Fighting
  3701 | D:4      | Reached XP level 6. HP: 30/60 MP: 5/5
  4133 | D:4      | Found a staircase to the Ecumenical Temple.
  4443 | D:5      | Entered Level 5 of the Dungeon
  4443 | D:5      | Found a sand-covered staircase.
  4453 | D:5      | Reached skill level 5 in Dodging
  4461 | Ossuary  | Entered an ossuary
  4695 | Ossuary  | Reached *** piety under Trog
  4850 | Ossuary  | Reached XP level 7. HP: 14/67 MP: 6/6
  5366 | D:3      | Noticed Jessica
  5374 | D:3      | Killed Jessica
  5400 | D:3      | Found a transporter.
  5791 | D:3      | Killed Sigmund
  5792 | D:3      | Reached skill level 8 in Fighting
  6052 | D:3      | Killed from afar by an orc priest

Illustrated notes

Levels and vault maps discovered:
D:1:      kennysheep_arrival_forest, layout_basic,
          dreamdust_ecumenical_altar_grove
D:2:      layout_loops_ring, kennysheep_cross_bottleneck, supply_closet_lemuel
D:3:      gammafunk_wand_slinger, layout_loops_ring, uniq_sigmund, uniq_jessica
D:4:      layout_loops_corners, minmay_temple_entry_statues_fountains,
          portal_sewer_entry_b
D:5:      layout_cave_pools, mainiacjoe_overflow_cross_hatched,
          nicolae_ossuary_entry_ruins, uniq_pikel, uniq_blork_the_orc,
          uniq_menkaure

Skill      XL: |  1  2  3  4  5  6  7 |
---------------+----------------------+-----
Fighting       | 4 5 7 8 |  8.4
Dodging        | 3 4 5 |  5.9
Armour         | 3 |  3.7
Maces & Flails | |  3.6

Action                   |  1- 3 |  4- 6 |  7- 9 || total
-------------------------+-------+-------+-------++-------
Melee: Mace              |    92 |   168 |    58 ||   318
       Headbutt          |    18 |    36 |    11 ||    65
       Punch             |     1 |     1 |       ||     2
Invok: Trog's Hand       |       |     4 |     3 ||     7
       Berserk           |       |     2 |     1 ||     3
  Use: Scroll            |     1 |     1 |     7 ||     9
       Potion            |       |     1 |       ||     1
Armor: Animal skin       |    17 |    19 |       ||    36
       Leather armour    |       |    21 |     8 ||    29
Dodge: Dodged            |    53 |   109 |    26 ||   188
